 Dungeon Crawl Stone Soup version 0.29.0-4-gdea44cf6ec (webtiles) character file.

Game seed: 13513811548641468163

83 qw the Chopper (level 4, -13/34 (35) HPs)
             Began as a Formicid Cinder Acolyte on Sept 3, 2022.
             Was a High Priest of Ignis.
             Killed by nerve-wracking pain
             ... invoked by Grinder
              (14 damage)
             ... on level 3 of the Dungeon.
             The game lasted 00:01:19 (3074 turns).

qw the Chopper (Formicid Cinder Acolyte)            Turns: 3074, Time: 00:01:20

HP:   -13/34 (35)   AC: 14    Str: 19 (21) XL:     4   Next: 71%
MP:   5/5           EV:  9    Int: 13      God:    Ignis [*****.]
Gold: 110           SH:  0    Dex:  8 (9)  Spells: 5/5 levels left

rFire   + . .      SeeInvis +   Y - -1 hand axe (flame)
rCold   . . .      Faith    .   (no shield)
rNeg    . . .      Spirit   .   g - +0 scale mail
rPois   .          Reflect  .   (helmet unavailable)
rElec   .          Harm     .   (no cloak)
rCorr   .          Rampage  .   (no gloves)
Will    .....                   a - +0 pair of boots
Stlth   ..........              (no amulet)
HPRegen 0.11/turn               (no ring)
MPRegen 0.09/turn               (no ring)

@: fiery-armoured, lightly drained
A: permanent stasis, dig shafts and tunnels, antennae 3, four strong arms
a: Dig, Shaft Self, Renounce Religion, Fiery Armour, Foxfire Swarm, Rising Flame


You were on level 3 of the Dungeon.
You worshipped Ignis.
Ignis was extremely pleased with you.
You visited 1 branch of the dungeon, and saw 3 of its levels.

You collected 110 gold pieces.


Innate Abilities, Weirdness & Mutations

You cannot be hasted, slowed, berserked, paralysed or teleported.
You can dig through walls and to a lower floor.
You have a pair of large antennae on your head. (SInv)
Your four strong arms can wield two-handed weapons with a shield.


   Skills:
 - Level 3.2 Fighting
 + Level 4.9 Axes
 - Level 1.0 Armour
 - Level 1.1 Spellcasting
 - Level 3.0 Fire Magic


You had 5 spell levels left.
You didn't know any spells.
Your spell library contained the following spells:

 Spells                   Type           Power      Damage    Failure   Level
 Scorch                   Fire           16%        2d5       36%         2

Inventory:

Hand Weapons
 Y - a -1 hand axe of flaming (weapon)
Armour
 a - a +0 pair of boots (worn)
 b - a +0 chain mail
 g - a +0 scale mail (worn)
Scrolls
 d - a scroll of enchant armour {unknown}
 k - 3 scrolls of identify
Potions
 c - a potion of mutation
 e - 2 potions of berserk rage {unknown}
 f - 4 potions of curing
 h - a potion of haste {unknown}
 i - a potion of flight {unknown}
 j - a potion of lignification {unknown}
 l - 2 potions of cancellation {unknown}

Dungeon Overview and Level Annotations

Branches:
Dungeon (3/15)

Altars:

Annotations:
D:3 Grinder


Message History

You open the door.
There is an open door here.
You sense a monster nearby.
Enter note: An endoplasm comes into view.
The endoplasm quivers.
You hit the endoplasm but do no damage.
The endoplasm hits you but does no damage.
You barely miss the endoplasm. The endoplasm freezes you.
You are frozen.
You hit the endoplasm. You burn the endoplasm.
The endoplasm is severely wounded.
The endoplasm barely misses you.
You hit the endoplasm. You burn the endoplasm.
You kill the endoplasm!
You start resting.
HP restored.
Found 4 stones.
l - 2 purple potions As you open the door, it creaks loudly!
Grinder comes into view.
Grinder shouts!
Grinder gestures at you. Pain shoots through your body!
Grinder says, "Just stop there for a second..."
There is an open door here.
You closely miss Grinder. Grinder gestures at you.
Pain shoots through your body!
You closely miss Grinder. Grinder hits you.
3072 ||| INVOKING Fiery Armour.
A protective cloak of flame settles atop you.
Grinder blinks!
Grinder gestures at you. Pain shoots through your body!
Grinder gestures at you. Pain shoots through your body!
You die...

... .#.#.......
...##.#.#..... ......#.#...
....#.#.####### .
#.##.........# .
#...###.####'####### #.
##...##.# #........#
#.###......###........#
#...#...#####...@.....#
.....########.........#
###.....................
..##.########.##.....###..#
..##..# #. #.5...+. ...
.... ..###.# #+
#.....#.##.# { ... ..# #.##
#... ......# ...# ... .##
#..####....#########... ...
.# ##...##....#.. .....# #


You could see Grinder.

Vanquished Creatures
  4 adders (D:2)
  An orc (D:3)
  A ball python (D:2)
  10 endoplasms
  2 giant cockroaches
  3 goblins
  5 hobgoblins
  3 jackals (D:1)
  A quokka (D:2)
  2 bats (D:1)
  3 frilled lizards
  5 kobolds
  2 rats
42 creatures vanquished.

Notes
Turn   | Place    | Note
-------+----------+-------------------------------------------
     0 | D:1      | qw the Formicid Cinder Acolyte began the quest for the Orb.
     0 | D:1      | Reached XP level 1. HP: 18/18 MP: 2/2
     0 | D:1      | 0 ||| qw: Version: 0.1-a-102-g441f92d
     0 | D:1      | 0 ||| qw: Game counter: 5246
     0 | D:1      | 0 ||| qw: Always use a shield: true
     0 | D:1      | 0 ||| qw: God list: Okawaru
     0 | D:1      | 0 ||| qw: Allow faded altars: false
     0 | D:1      | 0 ||| qw: Do Orc after D:15 true
     0 | D:1      | 0 ||| qw: Do second Lair branch before Depths: true
     0 | D:1      | 0 ||| qw: Lair rune preference: random
     0 | D:1      | 0 ||| qw: Plans: Normal
     0 | D:1      | 0 ||| PLANNING D:1-11
   334 | D:1      | Reached XP level 2. HP: 24/24 MP: 3/3
   896 | D:1      | 896 ||| INVOKING Fiery Armour.
  1342 | D:1      | 1342 ||| UPGRADING to +0 leather armour.
  1352 | D:1      | 1352 ||| DROPPING +0 robe.
  1353 | D:1      | 1353 ||| UPGRADING to +0 scale mail.
  1363 | D:1      | 1363 ||| DROPPING +0 leather armour.
  1364 | D:1      | 1364 ||| READING scroll labelled CAYXTI USKO.
  1365 | D:1      | 1365 ||| READING scroll labelled GOQULOSHRAITS.
  1366 | D:1      | 1366 ||| READING scroll labelled UKLOT SYT DEDE.
  1367 | D:1      | 1367 ||| DRINKING 2 bubbling grey potions.
  1368 | D:1      | 1368 ||| DROPPING potion of degeneration.
  1386 | D:2      | Found a faded altar of an unknown god.
  1392 | D:2      | Reached XP level 3. HP: 29/29 MP: 4/4
  1398 | D:2      | 1398 ||| Stepping ~*~*~tactically~*~*~ (stealth).
  1400 | D:2      | 1400 ||| Stepping ~*~*~tactically~*~*~ (stealth).
  1408 | D:2      | 1408 ||| Stepping ~*~*~tactically~*~*~ (stealth).
  1411 | D:2      | 1411 ||| Stepping ~*~*~tactically~*~*~ (stealth).
  1413 | D:2      | 1413 ||| Stepping ~*~*~tactically~*~*~ (stealth).
  1429 | D:2      | 1429 ||| FLEEEEING.
  1430 | D:2      | 1430 ||| STAIRDANCE
  1456 | D:2      | Reached skill level 1 in Armour
  1487 | D:2      | Reached skill level 4 in Axes
  1667 | D:2      | Reached XP level 4. HP: 26/35 MP: 5/5
  1929 | D:2      | 1929 ||| Stepping ~*~*~tactically~*~*~ (stealth).
  1930 | D:2      | 1930 ||| Stepping ~*~*~tactically~*~*~ (stealth).
  1932 | D:2      | 1932 ||| Stepping ~*~*~tactically~*~*~ (stealth).
  1947 | D:2      | 1947 ||| Stepping ~*~*~tactically~*~*~ (stealth).
  2466 | D:2      | 2466 ||| Stepping ~*~*~tactically~*~*~ (stealth).
  2467 | D:2      | 2467 ||| Stepping ~*~*~tactically~*~*~ (stealth).
  2521 | D:2      | 2521 ||| UPGRADING to +0 pair of boots.
  2526 | D:2      | 2526 ||| READING 3 scrolls labelled VYTREA UHIC.
  2527 | D:2      | 2527 ||| READING scroll labelled YCWYEQ AXYTU.
  2528 | D:2      | 2528 ||| READING scroll labelled CUPLOSUAFI.
  2529 | D:2      | 2529 ||| DRINKING 3 metallic golden potions.
  2530 | D:2      | 2530 ||| DRINKING 5 lumpy pink potions.
  2531 | D:2      | 2531 ||| READING 2 scrolls of identify.
  2531 | D:2      | 2531 ||| IDENTIFYING fizzy dark potion
  2532 | D:2      | 2532 ||| DROPPING 2 scrolls of amnesia.
  2533 | D:2      | 2533 ||| DROPPING 2 potions of invisibility.
  2534 | D:2      | 2534 ||| Stepping randomly (stuck).
  2535 | D:2      | 2535 ||| Stepping ~*~*~tactically~*~*~ (cloud).
  2544 | D:2      | HP: 8/34 [poisoned by you (poison gas)]
  2722 | D:2      | 2722 ||| Stepping ~*~*~tactically~*~*~ (stealth).
  3067 | D:3      | Noticed Grinder
  3072 | D:3      | 3072 ||| INVOKING Fiery Armour.
  3073 | D:3      | HP: 1/34 [Grinder/nerve-wracking pain (13)]
  3074 | D:3      | Killed from afar by Grinder

Levels and vault maps discovered:
D:1:      wander_arrival_estate, layout_basic
D:2:      layout_loops_ring, nicolae_ecumenical_pavilion,
          nicolae_concentric_dashed_squares_mild
D:3:      layout_basic, uniq_grinder

Skill      XL: |  1  2  3 |
---------------+----------+-----
Armour         | 1 |  1.0
Axes           | 4 |  4.9
Fighting       | |  3.2
Spellcasting   | |  1.1
Fire Magic     | |  3.0

Action                   |  1- 3 |  4- 6 || total
-------------------------+-------+-------++-------
Melee: Hand axe          |   100 |    56 ||   156
Throw: Boomerang         |       |     6 ||     6
Invok: Fiery Armour      |     1 |     1 ||     2
  Use: Scroll            |     3 |     4 ||     7
       Potion            |     1 |     2 ||     3
Armor: Robe              |    23 |       ||    23
       Scale mail        |    16 |    21 ||    37
Dodge: Dodged            |    40 |    19 ||    59

Table legend:
 A = Non-vault XP
 B = Vault XP
 C = Vault XP percentage of total XP
 D = Non-vault monster count
 E = Vault monster count
 F = Vault count percentage of total count
                 A         B        C        D         E       F
            +---------+---------+-------+---------+---------+-------
      Total |     119 |       0 |   0.0 |      42 |       0 |   0.0
            +---------+---------+-------+---------+---------+-------
        D:1 |      27 |       0 |   0.0 |      16 |       0 |   0.0
        D:2 |      78 |       0 |   0.0 |      18 |       0 |   0.0
        D:3 |      14 |       0 |   0.0 |       8 |       0 |   0.0
            +---------+---------+-------+---------+---------+-------
